 Dungeon Crawl Stone Soup version 0.27-a0-249-g74f53ef629 (webtiles) character file.

Game seed: 16101809633278951075

8723 jasper the Carver (level 11, -2/83 HPs)
             Began as a Vampire Gladiator on Feb 3, 2021.
             Was a Priest of Makhleb.
             Slain by a black mamba (7 damage)
             ... on level 1 of the Lair of Beasts.
             The game lasted 00:19:41 (12478 turns).

jasper the Carver (Vampire Gladiator)              Turns: 12478, Time: 00:19:42

Health: -2/83      AC: 10    Str: 13    XL:     11   Next: 13%
Magic:  0/14       EV: 16    Int: 12    God:    Makhleb [***...]
Gold:   706        SH:  0    Dex: 18    Spells: 8/10 levels left

rFire    . . .     SeeInvis +   w - -1 great sword
rCold    + . .     Faith    .   (shield currently unavailable)
rNeg     . . .     Spirit   +   t - +0 ring mail
rPois    .         Reflect  .   c - +0 helmet
rElec    .         Harm     .   E - +2 cloak
rCorr    +         Rampage  .   (no gloves)
Will     +....                  (no boots)
Stlth    ++++......             x - amulet of guardian spirit
HPRegen  0.43/turn              D - ring of resist corrosion
MPRegen  0.14/turn              q - ring of protection from cold

@: lethally poisoned (-2 -> -30), regenerating quickly
A: fangs 3, see invisible, unbreathing
a: Exsanguinate, Renounce Religion, Minor Destruction, Lesser Servant of Makhleb


You were on level 1 of the Lair of Beasts.
You worshipped Makhleb.
Makhleb was most pleased with you.
You visited 3 branches of the dungeon, and saw 14 of its levels.

You collected 706 gold pieces.

Inventory:

Hand Weapons
 a - a +0 long sword
 i - a +1 dagger of venom
 w - a -1 great sword (weapon)
Armour
 b - a +0 leather armour
 c - a +0 helmet (worn)
 k - a +0 cloak
 t - a +0 ring mail (worn)
 E - a +2 cloak (worn)
Jewellery
 d - an uncursed ring of wizardry
 q - a ring of protection from cold (right hand)
 u - a +6 ring of strength
 x - an amulet of guardian spirit (around neck)
 y - an uncursed ring of see invisible
 D - a ring of resist corrosion (left hand)
Wands
 s - a wand of paralysis (11)
Scrolls
 e - 2 scrolls of noise
 f - a scroll of magic mapping
 g - 5 scrolls of remove curse
 l - a scroll of enchant armour
 m - a scroll of amnesia
 n - 3 scrolls of enchant weapon
 o - a scroll of torment
 p - a scroll of immolation
 r - 4 scrolls of blinking
 z - 3 scrolls of teleportation
 B - a scroll of identify
 F - a scroll of fog
Potions
 h - 3 potions of brilliance
 j - 3 potions of ambrosia
 v - 3 potions of curing
 A - a potion of resistance
 C - 2 potions of attraction
 G - 2 potions of haste
 H - 2 potions of mutation
Miscellaneous
 I - a box of beasts (inert)


   Skills:
 + Level 6.5 Fighting
 * Level 10.2 Long Blades
 - Level 1.5 Throwing
 + Level 5.5 Armour
 + Level 8.1 Dodging
 - Level 10.0 Stealth
 + Level 1.5 Air Magic
 - Level 4.3 Invocations


You had 8 spell levels left.
You knew the following spells:

 Your Spells              Type           Power        Failure   Level
a - Swiftness             Air            3%           47%         2

Your spell library contained the following spells:

 Spells                   Type           Power        Failure   Level
 Shock                    Conj/Air       4%           43%         1
 Magic Dart               Conj           0%           54%         1
 Searing Ray              Conj           0%           69%         2
 Static Discharge         Conj/Air       1%           82%         3
 Dazzling Flash           Conj/Hex       0%           89%         3
 Airstrike                Air            1%           98%         4
 Fulminant Prism          Conj/Hex       0%           100%        4
 Iskenderun's Mystic Bla  Conj/Tloc      0%           100%        4
 Lightning Bolt           Conj/Air       0%           100%        5


Dungeon Overview and Level Annotations

Branches:
Dungeon (12/15)            Temple (0/1) D:7            Lair (1/6) D:9
    Orc (1/2) D:10

Altars:
Ashenzari
Elyvilon
Fedhas
Gozag
Makhleb
Ru
Uskayaw
Vehumet
Wu Jian
Yredelemnul
Beogh

Annotations:
D:2 Sigmund
D:3 3 runed translucent doors, heikuro's ghost, amateur FoAK
D:5 3 runed translucent doors, foci's ghost, novice GrGl
D:9 3 runed translucent doors, trckry's ghost, novice TeHu


Innate Abilities, Weirdness & Mutations

Your natural rate of healing is unusually fast.
You have razor-sharp teeth.
You have supernaturally acute eyesight. (SInv)
You can survive without breathing.


Message History

* * * LOW HITPOINT WARNING * * *
You take 8 damage, and have 20/83 hp.
You now have 5/14 mp.
You closely miss the black mamba.
You bite the black mamba, but do no damage.
The black mamba is heavily wounded.
You feel sick. The black mamba bites you.
* * * LOW HITPOINT WARNING * * *
You are lethally poisoned!
The black mamba poisons you! The black mamba bites you!
* * * LOW HITPOINT WARNING * * *
You take 12 damage, and have 8/83 hp.
You now have 2/14 mp.
You hit the black mamba.
The black mamba is severely wounded.
* * * LOW HITPOINT WARNING * * *
You feel very sick. The black mamba barely misses you.
You riposte.
You closely miss the black mamba.
The black mamba is severely wounded.
The black mamba bites you!
You die...

..... ......
#.##P...# .......#
#.......# .......#
#.......#
.......###.......#
.................#
.......... ......#
.......... #..S###
.......# #..@#.##
.......# #......#
.....P## #......##
.....## #.......#
....## ####...##
....# #...# ....#
#...# ..>.# #...##
....# ##....#


You could see a black mamba.

Vanquished Creatures
  Harold (D:8)
  A two-headed ogre (D:9)
  Pikel (D:7)
  Joseph (D:7)
  2 centaur skeletons
  A komodo dragon (Lair:1)
  3 trolls
  A steam dragon (D:7)
  2 wargs (D:10)
  A soldier ant (D:10)
  A water moccasin (D:7)
  3 black bears
  2 orc warriors
  3 ice beasts
  4 sky beasts
  3 centaurs
  An ogre (D:4)
  3 wolves (Lair:1)
  A lemure (D:7)
  3 big kobolds
  A phantom (D:6)
  5 bullfrogs
  A wyvern skeleton (D:9)
  2 scorpions
  4 killer bees
  4 howler monkeys
  A quasit (D:10)
  15 orc priests
  5 hounds
  2 bullfrog skeletons
  2 gnoll shamans
  6 iguanas
  12 orc wizards
  6 worker ants
  2 hound skeletons
  A worker ant zombie (D:6)
  17 gnolls
  8 adders
  2 white imps
  An ooze (D:5)
  An adder zombie (D:9)
  An adder skeleton (D:7)
  3 worms (D:3)
  5 dart slugs
  4 leopard geckos
  61 orcs
  4 ball pythons
  A bat skeleton (D:2)
  6 giant cockroaches
  9 goblins
  7 hobgoblins
  12 jackals
  12 bats
  11 frilled lizards
  20 kobolds
  A quokka zombie (D:7)
  5 rats
298 creatures vanquished.

Vanquished Creatures (collateral kills)
  2 wolves (Lair:1)
2 creatures vanquished.

Vanquished Creatures (others)
  A bat (D:2)
  2 fungi (Lair:1)
  4 plants (Lair:1)
7 creatures vanquished.

Grand Total: 307 creatures vanquished

Notes
Turn   | Place    | Note
-------+----------+-------------------------------------------
     0 | D:1      | jasper the Vampire Gladiator began the quest for the Orb.
     0 | D:1      | Reached XP level 1. HP: 16/16 MP: 1/1
   196 | D:1      | Reached XP level 2. HP: 22/22 MP: 2/2
   476 | D:1      | Reached skill level 1 in Stealth
   833 | D:2      | Reached XP level 3. HP: 27/27 MP: 3/3
  1175 | D:2      | Reached skill level 1 in Armour
  1229 | D:2      | Noticed Sigmund
  1235 | D:2      | Found a basalt altar of Yredelemnul.
  1349 | D:3      | Reached XP level 4. HP: 28/33 MP: 4/4
  1423 | D:3      | Reached XP level 5. HP: 4/39 MP: 5/5
  1752 | D:3      | Found a runed translucent gate.
  1753 | D:3      | Found a runed translucent gate.
  1754 | D:3      | Found a runed translucent gate.
  1756 | D:3      | Noticed heikuro's ghost (amateur FoAK)
  2355 | D:4      | Reached XP level 6. HP: 29/46 MP: 6/6
  2554 | D:4      | Reached skill level 5 in Long Blades
  2609 | D:5      | Entered Level 5 of the Dungeon
  2612 | D:5      | Noticed an ice beast
  2727 | D:4      | Reached XP level 7. HP: 52/52 MP: 7/7
  3672 | D:4      | Reached skill level 5 in Stealth
  3677 | D:4      | Reached skill level 5 in Dodging
  4281 | D:5      | Reached XP level 8. HP: 41/60 MP: 8/8
  4529 | D:5      | Got a warped buckler
  4535 | D:5      | Identified the -5 buckler of Generosity {Rampage *Slow
                  | Stlth+} (You found it on level 5 of the Dungeon)
  4627 | D:5      | Found a runed translucent gate.
  4627 | D:5      | Found a runed translucent gate.
  4627 | D:5      | Found a runed translucent gate.
  4629 | D:5      | Found an opulent altar of Gozag.
  4692 | D:5      | Noticed foci's ghost (novice GrGl)
  4820 | D:5      | Found a hide-covered altar of Uskayaw.
  4820 | D:5      | Found a blossoming altar of Fedhas.
  4820 | D:5      | Found a sacrificial altar of Ru.
  4836 | D:5      | Became a worshipper of Ru the Awakened
  4937 | D:6      | Found a broken altar of Ashenzari.
  5456 | D:6      | Found a radiant altar of Vehumet.
  5736 | D:6      | Found a burning altar of Makhleb.
  5738 | D:6      | Noticed a blizzard demon
  5746 | D:6      | Noticed a hellwing
  5746 | D:6      | Noticed an orange demon
  5748 | D:6      | Fell from the grace of Ru
  5748 | D:6      | Became a worshipper of Makhleb the Destroyer
  6031 | D:7      | Found a sacrificial altar of Ru.
  6050 | D:7      | Reached XP level 9. HP: 49/66 MP: 5/9
  6058 | D:7      | Noticed Joseph
  6078 | D:7      | Killed Joseph
  6079 | D:7      | Reached skill level 1 in Invocations
  6192 | D:7      | Reached * piety under Makhleb
  6210 | D:7      | Reached skill level 5 in Fighting
  6679 | D:7      | Found a staircase to the Ecumenical Temple.
  6745 | D:8      | Noticed Pikel
  6777 | D:7      | Killed Pikel
  7443 | D:8      | Noticed Harold
  7685 | D:8      | Killed Harold
  7686 | D:8      | Reached XP level 10. HP: 66/75 MP: 7/12
  7990 | D:9      | Reached ** piety under Makhleb
  8119 | D:9      | Found a white marble altar of Elyvilon.
  8319 | D:9      | Found an ornate altar of the Wu Jian Council.
  8714 | D:9      | Noticed a two-headed ogre
  8743 | D:9      | Killed a two-headed ogre
  8744 | D:9      | Reached skill level 5 in Armour
  8983 | D:9      | Found a staircase to the Lair.
  9095 | D:9      | Found a runed translucent gate.
  9095 | D:9      | Found a runed translucent gate.
  9095 | D:9      | Found a runed translucent gate.
  9096 | D:9      | Noticed trckry's ghost (novice TeHu)
  9096 | D:9      | Identified the +4 whip of the Baking Penguin {chaos,
                  | *Contam rPois Dex+7 Stlth+}
  9418 | D:10     | Entered Level 10 of the Dungeon
 10147 | D:10     | Reached skill level 10 in Stealth
 10153 | D:10     | Learned a level 2 spell: Swiftness
 10177 | D:10     | Reached *** piety under Makhleb
 10232 | D:10     | Reached skill level 10 in Long Blades
 10378 | D:10     | Found a staircase to the Orcish Mines.
 10822 | Orc:1    | Entered Level 1 of the Orcish Mines
 10822 | Orc:1    | Found a roughly hewn altar of Beogh.
 11057 | D:11     | Reached skill level 1 in Air Magic
 11057 | D:11     | Reached XP level 11. HP: 83/83 MP: 14/14
 11893 | D:12     | Noticed a skeletal warrior
 12003 | Lair:1   | Entered Level 1 of the Lair of Beasts
 12478 | Lair:1   | Slain by a black mamba

Illustrated notes

Levels and vault maps discovered:
D:1:      minmay_arrival_glassed_features, layout_loops_cross
D:2:      minmay_general_purpose_star, layout_basic, old_standard_altar,
          dk_noncrumbling_2, ebering_dispersal_statue_hall,
          grunt_dithmenos_smoke, uniq_jessica, uniq_sigmund
D:3:      layout_rooms, gammafunk_ghost_necromancy, cheibrodos_gnoll_hut
D:4:      layout_gridville
D:5:      layout_cave_pools, gammafunk_temple_overflow_claw, ebering_ghost_gozag
D:6:      layout_cave_pools, nicolae_overflow_hidden_temple, vehumet_crystals,
          makhleb_altar_promises_db, minmay_quadrilaterals
D:7:      layout_rooms, temple_hall, nicolae_ru_the_path_less_chosen,
          uniq_joseph
D:8:      layout_basic, uniq_pikel, uniq_harold
D:9:      layout_stronghold, general_overflow_altar, elyvilon_altar_5,
          lair_entry_dummy, gammafunk_ghost_nasty_kobolds
D:10:     layout_loops_ring, david_orc_1_choice
D:11:     layout_basic
D:12:     layout_rooms, gammafunk_ghost_arena, uniq_jorgrun, uniq_sonja
Lair:1:   layout_cellular_growth, lemuel_old_faithful, serial_bayou_shore_a
Orc:1:    layout_diamond_mine, basic_altar, statue_in_the_mist_lemuel,
          minmay_orc_keep, uniq_erica

Skill      XL: |  1  2  3  4  5  6  7  8  9 10 |
---------------+-------------------------------+-----
Fighting       | 2 3 4 5 6 |  6.5
Stealth        | 1 2 3 4 5 7 8 10 | 10.0
Armour         | 1 2 3 4 5 |  5.5
Long Blades    | 4 5 6 7 9 10 | 10.2
Dodging        | 4 5 6 7 8 |  8.1
Invocations    | 3 4 |  4.3
Air Magic      | 1 |  1.5
Throwing       | |  1.5

Action                   |  1- 3 |  4- 6 |  7- 9 | 10-12 || total
-------------------------+-------+-------+-------+-------++-------
Melee: Long sword        |   105 |   130 |   443 |   437 ||  1115
       Bite              |    14 |    17 |    63 |    73 ||   167
       Great sword       |       |       |       |    45 ||    45
Throw: Throwing net      |     3 |       |     2 |     6 ||    11
       Javelin           |       |     2 |    23 |     7 ||    32
Evoke: Box of beasts     |       |       |       |     1 ||     1
  Use: Potion            |     3 |     5 |     3 |     5 ||    16
       Scroll            |       |     3 |     7 |    11 ||    21
 Stab: Sleeping          |     6 |     2 |     7 |    11 ||    26
       Distracted        |       |       |     1 |       ||     1
       Held in net/web   |       |       |       |     4 ||     4
Armor: Leather armour    |    35 |    40 |    37 |       ||   112
       Skin              |       |     1 |       |    56 ||    57
       Ring mail         |       |       |   132 |   137 ||   269
Dodge: Dodged            |    97 |   103 |   414 |   356 ||   970
       Rpst.: Long sword |    27 |    32 |   127 |    81 ||   267
       Great sword       |       |       |       |    18 ||    18

Table legend: (Time is in decaauts)
 A = Elapsed time spent in this place.
 B = Non-inter-level travel time spent in this place.
 C = Inter-level travel time spent in this place.
 D = Time resting spent in this place.
 E = Time spent auto-exploring this place.
 F = Levels seen in this place.
 G = Mean time per level.
                   A        B        C        D        E       F      G
               +--------+--------+--------+--------+--------+-----+--------+
         Total |  12558 |  12085 |    473 |   1818 |   7575 |  14 |  897.0 |
       Dungeon |  12077 |  11604 |    473 |   1705 |   7287 |  12 | 1006.4 |
          Lair |    479 |    479 |      0 |    113 |    288 |   1 |  479.0 |
  Orcish Mines |      1 |      1 |      0 |      0 |      0 |   1 |    1.0 |
               +--------+--------+--------+--------+--------+-----+--------+

Top non-repeatable levels by time:
     D:4: 1522 daAuts
     D:9: 1508 daAuts
    D:10: 1464 daAuts
     D:3: 1179 daAuts
    D:11: 1062 daAuts
     D:5: 1027 daAuts
     D:8: 1020 daAuts
     D:7: 1008 daAuts
     D:6: 933 daAuts
     D:1: 699 daAuts
     D:2: 631 daAuts
  Lair:1: 479 daAuts
    D:12: 20 daAuts
   Orc:1: 1 daAuts
